 Dungeon Crawl Stone Soup version 0.28-a0-957-g42eb19b844 (webtiles) character file.

Game seed: 14569179759801576719

27 Goblin1989 the Changer (level 2, -3/21 HPs)
             Began as a Demonspawn Transmuter on Nov 30, 2021.
             Slain by a gnoll (9 damage)
             ... on level 1 of the Dungeon.
             The game lasted 00:03:31 (1157 turns).

Goblin1989 the Changer (Demonspawn Transmuter)      Turns: 1157, Time: 00:03:32

Health: -3/21      AC:  2    Str: 10    XL:     2   Next: 93%
Magic:  4/5        EV: 12    Int: 14    God:
Gold:   25         SH:  4    Dex: 13    Spells: 4/5 levels left

rFire   . . .      SeeInvis .     - Unarmed
rCold   . . .      Faith    .   (no shield)
rNeg    . . .      Spirit   .   a - +0 robe
rPois   .          Reflect  .   (helmet currently unavailable)
rElec   .          Harm     .   (no cloak)
rCorr   .          Rampage  .   (no gloves)
Will    .....                   (boots currently unavailable)
Stlth   +.........              (no amulet)
HPRegen 0.07/turn               (no ring)
MPRegen 0.09/turn               (no ring)

@: appendages
A: horns 2, talons 2, condensation shield
a: End Transformation


You were on level 1 of the Dungeon.
You had temporarily grown beastly horns and talons.
You visited 1 branch of the dungeon, and saw 1 of its levels.

You collected 25 gold pieces.

Inventory:

Armour
 a - a +0 robe (worn)
Scrolls
 b - a scroll of vulnerability {unknown}
 c - 2 scrolls of enchant armour {unknown}
 e - a scroll of holy word {unknown}
 f - a scroll of brand weapon {unknown}
Potions
 d - a potion of flight {unknown}


   Skills:
 - Level 1.0 Fighting
 - Level 1.7 Dodging
 - Level 2.6 Unarmed Combat
 + Level 2.1 Spellcasting
 + Level 3.1 Transmutations


You had 4 spell levels left.
You knew the following spells:

 Your Spells              Type           Power      Damage    Failure   Level
a - Beastly Appendage     Tmut           20%        N/A       7%          1

Your spell library contained the following spells:

 Spells                   Type           Power      Damage    Failure   Level
 Wereblood                Tmut           10%        N/A       10%         2
 Spider Form              Tmut/Pois      5%         N/A       36%         3
 Ice Form                 Ice/Tmut       5%         N/A       77%         4


Dungeon Overview and Level Annotations

Branches:
Dungeon (1/15)

Altars:

Shops:
D:1 *


Innate Abilities, Weirdness & Mutations

You have temporarily grown beastly horns and talons.
A meltable shield of frost defends you. (SH +4)


Message History

Casting: Beastly Appendage (safe; 7% risk of failure)
Confirm with . or Enter, or press ? or * to list all spells.
You extend your transformation's duration.
The giant cockroach bites you.
You take 1 damage, and have 20/21 hp.
You now have 4/5 mp.
You barely miss the giant cockroach. Your kick misses the giant cockroach.
The giant cockroach bites you but does no damage.
You hit the giant cockroach.
You kill the giant cockroach!
No target in view!
No target in view!
Your transformation is almost over.
Unknown command.
A ball python comes into view.
You see here a giant cockroach corpse.
Health restored: 21; MP restored: 5 A ball python is nearby!
Casting: Beastly Appendage (safe; 7% risk of failure)
Confirm with . or Enter, or press ? or * to list all spells.
You extend your transformation's duration.
You now have 4/5 mp.
A quokka comes into view.
The ball python hisses angrily.
The ball python barely misses you. The ball python grabs you.
The ball python constricts you.
You take 1 damage, and have 20/21 hp.
You hit the ball python. Your headbutt misses the ball python.
The ball python is moderately wounded.
The ball python bites you. The ball python constricts you.
You take 1 damage, and have 19/21 hp.
You barely miss the ball python. You headbutt the ball python.
You kill the ball python!
Your transformation is almost over.
The quokka misses you.
You hit the quokka. Your punch misses the quokka.
The quokka is heavily wounded.
The quokka bites you.
You take 1 damage, and have 18/21 hp.
You hit the quokka. You claw the quokka.
You kill the quokka!
No target in view!
No target in view!
Your horns disappear.
Your talons disappear.
Things that are here:
a +0 club; 3 stones {@Q3}
Found a stone staircase leading down.
Health restored: 21; MP restored: 5 A ball python comes into view.
Casting: Beastly Appendage (safe; 7% risk of failure)
Confirm with . or Enter, or press ? or * to list all spells.
You grow a pair of large bovine horns.
Your feet morph into talons.
You now have 4/5 mp.
The ball python hisses angrily.
You block the ball python's attack. The ball python barely misses you.
You hit the ball python.
You kill the ball python!
No target in view!
Unknown command.
No target in view!
No target in view!
No target in view!
Your transformation is almost over.
MP restored: 5 You now have 25 gold pieces (gained 8).
Your horns disappear.
Your talons disappear.
A gnoll and a dart slug come into view.
Found 22 stones.
You see here a +0 robe.
You block the gnoll's attack.
Casting: Beastly Appendage (safe; 7% risk of failure)
Confirm with . or Enter, or press ? or * to list all spells.
You grow a pair of large bovine horns.
Your feet morph into talons.
You block the gnoll's attack.
You now have 4/5 mp.
You hit the gnoll but do no damage. You headbutt the gnoll.
The gnoll is moderately wounded.
The gnoll hits you with a +0 spear.
You take 6 damage, and have 15/21 hp.
MASSIVE DAMAGE!!
You hit the gnoll but do no damage. You claw the gnoll, but do no damage.
The gnoll is moderately wounded.
The gnoll hits you with a +0 spear.
You take 2 damage, and have 13/21 hp.
You closely miss the gnoll.
The gnoll is moderately wounded.
The gnoll hits you with a +0 spear.
* * * LOW HITPOINT WARNING * * *
You take 5 damage, and have 8/21 hp.
MASSIVE DAMAGE!!
You barely miss the gnoll.
The gnoll is moderately wounded.
The gnoll barely misses you.
You hit the gnoll but do no damage.
The gnoll is moderately wounded.
The gnoll hits you with a +0 spear.
* * * LOW HITPOINT WARNING * * *
You take 3 damage, and have 6/21 hp.
You hit the gnoll but do no damage. You claw the gnoll, but do no damage.
The gnoll is moderately wounded.
The gnoll hits you with a +0 spear!
You die...

█.███..████.██.██.█.█.█..█
██... █.█ █..█ █.██.█
.█.█.█.█.███...█ █.█
█..████.██.█ .█.█.█.██.█....█
█.█ █.......██.█
.█.█.█.██..██.██ █.█
█.(.███....██.█.█.█.██...█.█
█.█
█.............█.█....█.█.█.██
█.█
██..███..██████.█......█.█...
█.██ █
███..██████.██...███.███.
...█ █.....wg@.......██ █.█
█. ...██ ██...██████.█.███
█.█ █. █...██ ██...██ █...█
█.█ █. ██...███...███ ██.██
█.█ █. ███..^^...██.███ █.█
█.█ █. .███..⌂..███...█ █.█
█.███. █.███...██████.█ █.█
█..... ....█...█.█ █.█ █.█
█.████ █████...█.█ █.█ █.█
█.█


You could see a gnoll and a dart slug.

Vanquished Creatures
  2 endoplasms (D:1)
  A giant cockroach (D:1)
  2 goblins (D:1)
  5 hobgoblins (D:1)
  2 jackals (D:1)
  2 kobolds (D:1)
  2 quokkas (D:1)
  2 ball pythons (D:1)
  A bat (D:1)
  4 frilled lizards (D:1)
  A rat (D:1)
24 creatures vanquished.

Notes
Turn   | Place    | Note
-------+----------+-------------------------------------------
     0 | D:1      | Goblin1989 the Demonspawn Transmuter began the quest for
                  | the Orb.
     0 | D:1      | Reached XP level 1. HP: 15/15 MP: 3/3
    46 | D:1      | Reached skill level 2 in Transmutations
   256 | D:1      | Found a faded altar of an unknown god.
   330 | D:1      | Gained mutation: A meltable shield of frost defends you.
                  | (SH +4) [demonic ancestry]
   330 | D:1      | Reached XP level 2. HP: 10/21 MP: 3/5
   575 | D:1      | Found Yllalor's General Store.
   876 | D:1      | Reached skill level 3 in Transmutations
  1157 | D:1      | Slain by a gnoll

Illustrated notes

Levels and vault maps discovered:
D:1:      heliophobic_arrival_henge, layout_loops_ring, serial_shops,
          shop_statue, hellmonk_ecumenical_altar_crossroads

Skill      XL: |  1  2 |
---------------+-------+-----
Transmutations | 2 3 |  3.1
Fighting       | |  1.0
Dodging        | |  1.7
Unarmed Combat | |  2.6
Spellcasting   | |  2.1

Action                   || total
-------------------------++-------
Melee: Unarmed           ||    66
       Kick              ||     9
       Headbutt          ||     8
 Cast: Beastly Appendage ||    18
Armor: Robe              ||     7
Dodge: Dodged            ||    30
Block: Other             ||    10

Table legend: (Time is in decaauts)
 A = Elapsed time spent in this place.
 B = Non-inter-level travel time spent in this place.
 C = Inter-level travel time spent in this place.
 D = Time resting spent in this place.
 E = Time spent auto-exploring this place.
 F = Levels seen in this place.
 G = Mean time per level.
                   A        B        C        D        E       F      G
               +--------+--------+--------+--------+--------+-----+--------+
         Total |   1153 |   1153 |      0 |    352 |    606 |   1 | 1153.0 |
       Dungeon |   1153 |   1153 |      0 |    352 |    606 |   1 | 1153.0 |
               +--------+--------+--------+--------+--------+-----+--------+

Top non-repeatable levels by time:
     D:1: 1153 daAuts
